 Dungeon Crawl Stone Soup version 0.20.0-15-g7f486f2 (webtiles) character file.

12232 regularjogger the Carver (level 11, -4/105 HPs)
             Began as a Minotaur Berserker on June 11, 2017.
             Was an Elder of Trog.
             Succumbed to a redback's poison
             ... on level 1 of the Spider Nest.
             The game lasted 01:41:27 (11321 turns).

regularjogger the Carver (Minotaur Berserker)      Turns: 11321, Time: 01:41:28

Health: -4/105     AC: 10    Str: 21    XL:     11   Next: 59%
Magic:  10/10      EV: 15    Int:  6    God:    Trog [****..]
Gold:   289        SH:  0    Dex: 14    Spells: 10/10 levels left

rFire    . . .     SeeInvis .   a - +0 falchion
rCold    . . .     Gourm    .   (no shield)
rNeg     . . .     Faith    .   t - +0 ring mail (curse)
rPois    .         Spirit   .   (helmet restricted)
rElec    .         Reflect  .   (no cloak)
rCorr    .         Harm     .   x - +0 pair of gloves
MR       .....                  m - +0 pair of boots (curse)
Stlth    +.........             (no amulet)
Regen    0.3/turn               i - +3 ring of evasion
MPRegen  0.2/turn               (no ring)

@: lethally poisoned (-4 -> -35), berserk cooldown, slowed, very slow
A: retaliatory headbutt, horns 2, clever 1, deterioration 1
a: Berserk, Trog's Hand, Brothers in Arms, Burn Spellbooks, Renounce Religion


You were on level 1 of the Spider Nest.
You worshipped Trog.
Trog was greatly pleased with you.
You were not hungry.

You visited 4 branches of the dungeon, and saw 12 of its levels.

You collected 477 gold pieces.
You spent 188 gold pieces at shops.

Inventory:

Hand Weapons
 a - a +0 falchion (weapon)
 b - a +0 shortbow
Missiles
 l - 123 arrows
Armour
 m - a cursed +0 pair of boots (worn)
 o - a +0 plate armour
 t - a cursed +0 ring mail (worn)
 x - a +0 pair of gloves (worn)
Jewellery
 i - a +3 ring of evasion (left hand)
 D - an uncursed ring of ice
Wands
 d - a wand of confusion (37/48)
 r - a wand of digging (10/24)
 v - a wand of polymorph (7/24)
 z - a wand of paralysis (5/24)
Scrolls
 f - a scroll of magic mapping
 h - 2 scrolls of recharging
 j - 5 scrolls of identify
 k - a scroll of blinking
Potions
 p - 2 potions of brilliance
Miscellaneous
 n - a lamp of fire
Comestibles
 c - 10 fruits
 g - 7 royal jellies
 B - 5 bread rations


   Skills:
 * Level 12.5 Fighting
 * Level 13.5 Long Blades
 + Level 6.7 Bows
 + Level 10.6 Armour
 - Level 2.1 Dodging


You had 10 spell levels left.
You didn't know any spells.

Dungeon Overview and Level Annotations

Branches:
Dungeon (8/15)             Temple (1/1) D:6            Lair (2/6) D:8
 Spider (1/4) Lair:2
  Swamp: Lair:2-4    Shoals: Lair:2-4

Altars:
Ashenzari
Cheibriados
Dithmenos
Elyvilon
Fedhas
Gozag
Hepliaklqana
Kikubaaqudgha
Makhleb
Nemelex Xobeh
Okawaru
Qazlal
Ru
Sif Muna
Trog
Uskayaw
Vehumet
Xom
Yredelemnul
Zin
The Shining One

Shops:
D:4 *


Innate Abilities, Weirdness & Mutations

You reflexively headbutt those who attack you in melee.
You have a pair of horns on your head.
Your mind is acute. (Int +2)
Your body sometimes deteriorates upon taking damage.


Message History

* * * LOW HITPOINT WARNING * * *
The redback barely misses you. You furiously retaliate!
You headbutt the redback.
The jumping spider leaps! x2; The redback bites you.
* * * LOW HITPOINT WARNING * * *
You are lethally poisoned!
The redback poisons you!
The jumping spider leaps!
The redback misses you.
Things that are here:
a wolf spider corpse; a redback corpse
* * * LOW HITPOINT WARNING * * *
You feel very sick. The redback barely misses you. You furiously retaliate!
You headbutt the redback! The redback bites you.
* * * LOW HITPOINT WARNING * * *
The jumping spider leaps!
The redback bites you but does no damage.
The redback bites you!
* * * LOW HITPOINT WARNING * * *
There is a crawl-hole back to the Lair, spattered with blood here.
You die...

..#.......
..(.......
###..#......
###..(......!.
#.............
#s..#.........
#.............
##...#..†.....?
##.@s.s........#
#...s...........
#...§#........##.
#......#.#.......
#........#........
#...#...........).
#.................
##...............
...##..!.#....


You could see 2 jumping spiders and 2 redbacks.

Vanquished Creatures
  A two-headed ogre (D:8)
  An orb spider (Spider:1)
  A wolf spider (Spider:1)
  A black mamba (Lair:2)
  A spiny frog (Lair:1)
  A komodo dragon (D:8)
  2 jumping spiders (Spider:1)
  3 hippogriffs
  A tarantella (Spider:1)
  7 redbacks
  7 yaks
  Sigmund (D:5)
  A wyvern (Lair:2)
  A human (D:8)
  A basilisk (Lair:1)
  3 hogs (D:8)
  A steam dragon (D:7)
  A hungry ghost (D:7)
  6 swamp worms (Lair:1)
  A porcupine (Lair:1)
  5 water moccasins
  3 orc warriors
  2 ice beasts
  A black bear (D:8)
  2 sky beasts
  An ogre (D:3)
  2 centaurs (D:7)
  2 crocodiles
  A big kobold (D:7)
  7 bullfrogs
  A gnoll sergeant (D:6)
  3 scorpions
  4 wights (D:7)
  An electric eel (Lair:1)
  2 howler monkeys
  A centaur zombie (D:6)
  A bullfrog zombie (D:8)
  2 crimson imps (D:5)
  2 quasits
  3 orc priests
  5 orc wizards
  A centaur skeleton (D:6)
  3 hounds
  2 bullfrog skeletons
  6 iguanas
  6 worker ants
  7 gnolls
  A howler monkey skeleton (D:6)
  8 adders
  A shadow imp (D:6)
  An adder zombie (D:8)
  An ooze (D:2)
  13 worms
  8 leopard geckos
  12 orcs
  11 bats
  3 giant cockroaches
  11 goblins
  7 hobgoblins
  4 jackals
  12 kobolds
  4 quokkas
  A ball python (D:2)
  6 frilled lizards
  A leopard gecko skeleton (D:5)
  2 quokka skeletons
  6 rats
231 creatures vanquished.

Vanquished Creatures (collateral kills)
  2 hydras (Lair:1)
  A yak (Lair:1)
3 creatures vanquished.

Vanquished Creatures (others)
  6 plants
6 creatures vanquished.

Grand Total: 240 creatures vanquished

Notes
Turn   | Place    | Note
-------+----------+-------------------------------------------
     0 | D:1      | regularjogger the Minotaur Berserker began the quest for the Orb.
     0 | D:1      | Reached XP level 1. HP: 19/19 MP: 0/0
   181 | D:1      | Reached skill level 4 in Long Blades
   321 | D:1      | Reached XP level 2. HP: 25/26 MP: 1/1
   959 | D:2      | Reached skill level 5 in Long Blades
  1243 | D:2      | Reached ** piety under Trog
  1358 | D:2      | Reached XP level 3. HP: 18/31 MP: 2/2
  1842 | D:2      | Reached XP level 4. HP: 39/39 MP: 3/3
  1943 | D:3      | Reached skill level 6 in Long Blades
  2356 | D:3      | Noticed an ogre
  2387 | D:3      | Reached skill level 7 in Long Blades
  2387 | D:3      | Reached XP level 5. HP: 45/45 MP: 4/4
  2441 | D:3      | You fall through a shaft for 3 floors!
  2478 | D:6      | Reached XP level 6. HP: 52/52 MP: 5/5
  2718 | D:6      | Found a snail-covered altar of Cheibriados.
  2720 | D:6      | Found a staircase to the Ecumenical Temple.
  2760 | Temple   | Entered the Ecumenical Temple
  3006 | D:6      | Noticed an ice beast
  3050 | D:6      | Found an ancient bone altar of Kikubaaqudgha.
  3063 | D:6      | Noticed a sky beast
  3082 | D:6      | Killed a sky beast
  3082 | D:6      | Reached skill level 5 in Fighting
  3082 | D:6      | Reached skill level 8 in Long Blades
  3128 | D:6      | Killed an ice beast
  3128 | D:6      | Reached XP level 7. HP: 61/61 MP: 6/6
  3473 | D:6      | Reached skill level 5 in Armour
  3655 | D:6      | Found a glowing silver altar of Zin.
  3770 | D:6      | Reached *** piety under Trog
  3859 | D:5      | Entered Level 5 of the Dungeon
  3867 | D:5      | Reached XP level 8. HP: 71/71 MP: 7/7
  3893 | D:5      | Reached skill level 9 in Long Blades
  4011 | D:5      | Noticed Sigmund
  4029 | D:5      | Killed Sigmund
  4478 | D:5      | Found an opulent altar of Gozag.
  4619 | D:5      | Found a sparkling altar of Nemelex Xobeh.
  5144 | D:4      | Found Hozim's Assorted Antiques.
  5147 | D:4      | Bought a viscous coppery potion for 28 gold pieces
  5147 | D:4      | Bought a knobbly cabochon ring for 160 gold pieces
  5709 | D:7      | Reached skill level 10 in Long Blades
  6000 | D:7      | Reached XP level 9. HP: 81/81 MP: 8/8
  6006 | D:7      | Reached **** piety under Trog
  6014 | D:7      | Reached skill level 1 in Bows
  6316 | D:7      | Received a gift from Trog
  6902 | D:8      | Found a sacrificial altar of Ru.
  7008 | D:8      | Found a staircase to the Lair.
  7009 | D:8      | Noticed a komodo dragon
  7034 | D:8      | Killed a komodo dragon
  7034 | D:8      | Reached skill level 11 in Long Blades
  7115 | D:8      | Reached skill level 10 in Fighting
  7115 | D:8      | Reached XP level 10. HP: 82/93 MP: 9/9
  7513 | D:8      | Noticed a two-headed ogre
  7527 | D:8      | Killed a two-headed ogre
  7725 | Lair:1   | Entered Level 1 of the Lair of Beasts
  7727 | Lair:1   | Gained mutation: Your body sometimes deteriorates upon taking damage. [potion of mutation]
  7727 | Lair:1   | Gained mutation: Your mind is acute. (Int +2) [potion of mutation]
  7853 | Lair:1   | Noticed a spiny frog
  7864 | Lair:1   | Killed a spiny frog
  7864 | Lair:1   | Reached skill level 12 in Long Blades
  7864 | Lair:1   | Reached skill level 5 in Bows
  7884 | Lair:1   | Noticed a four-headed hydra
  7894 | Lair:1   | Killed a four-headed hydra
  7968 | Lair:1   | Noticed an eight-headed hydra
  7983 | Lair:1   | Killed an eight-headed hydra
  8324 | Lair:1   | Received a gift from Trog
  9221 | Lair:1   | HP: 4/96 [swamp worm (17)]
  9247 | Lair:1   | Reached XP level 11. HP: 18/102 MP: 10/10
  9737 | Lair:1   | Reached skill level 10 in Armour
  9945 | Lair:2   | Found a hole to the Spider Nest.
 10574 | Lair:2   | Reached skill level 13 in Long Blades
 10971 | Spider:1 | Entered Level 1 of the Spider Nest
 10974 | Spider:1 | Noticed an orb spider
 10980 | Spider:1 | Noticed a wolf spider
 11297 | Spider:1 | Killed a wolf spider
 11309 | Spider:1 | Killed an orb spider
 11320 | Spider:1 | HP: 1/105 [redback (7)]
 11321 | Spider:1 | Succumbed to a redback's poison

Skill      XL: |  1  2  3  4  5  6  7  8  9 10 11 |
---------------+----------------------------------+-----
Long Blades    | 4 5 7 8 10 11 12 13 | 13.5
Fighting       | 4 5 6 8 10 11 12 | 12.5
Armour         | 3 4 5 7 8 9 10 | 10.6
Bows           | 3 5 6 |  6.7
Dodging        | |  2.1

Action                   |  1- 3 |  4- 6 |  7- 9 | 10-12 || total
-------------------------+-------+-------+-------+-------++-------
Melee: Falchion          |    74 |    64 |   349 |   257 ||   744
       Headbutt          |    11 |    13 |    86 |    77 ||   187
 Fire: Shortbow          |       |       |       |    95 ||    95
Invok: Berserk           |     2 |     4 |     5 |     3 ||    14
       Trog's Hand       |     1 |       |     3 |       ||     4
       Burn Spellbooks   |       |       |     2 |     1 ||     3
Evoke: Wand              |       |       |       |     1 ||     1
  Use: Scroll            |     1 |     4 |     2 |    10 ||    17
       Potion            |       |       |     2 |    14 ||    16
 Stab: Invisible         |       |       |       |     2 ||     2
  Eat: Chunk             |     2 |     3 |     9 |     4 ||    18
       Bread ration      |     1 |     1 |     2 |     1 ||     5
       Meat ration       |       |       |       |     2 ||     2
Armor: Leather armour    |    16 |       |       |       ||    16
       Ring mail         |     3 |    10 |       |    19 ||    32
       Scale mail        |       |    11 |       |       ||    11
       Chain mail        |       |       |   137 |    11 ||   148
       Plate armour      |       |       |       |    55 ||    55
Dodge: Dodged            |    45 |    45 |   192 |   143 ||   425
       Rpst.: Falchion   |    15 |     7 |    59 |    40 ||   121
